Workbook
Name A: [1]ECABR!#REF!
Name A_impresión_IM: [1]ECABR!#REF!
Name A325_FFF_PEGT_CLC_2301: [1]ECABR!#REF!
Name abc: [2]TOTAL!#REF!
Name Abr: #REF!
Name anexo: [1]ECABR!#REF!
Name B: [3]EGRESOS!#REF!
Name balanza_mes: '[4]Ene-16'!$A$1:$H$200
Name BASE: #REF!
Name cba: [2]TOTAL!#REF!
Name CONTABLE: [2]TOTAL!#REF!
Name Database: [5]REPORTO!#REF!
Name ELOY: #REF!
Name Ene: #REF!
Name Feb: #REF!
Name Fecha: #REF!
Name HF: [6]T1705HF!$B$20:$B$20
Name ju: [5]REPORTO!#REF!
Name Jul: #REF!
Name Jun: #REF!
Name mao: [1]ECABR!#REF!
Name Mar: #REF!
Name May: #REF!
Name MUEBLES: #REF!
Name N: #REF!
Name P: [2]TOTAL!#REF!
Name PRESUPUESTAL: [2]TOTAL!#REF!
Name REPORTO: #REF!
Name sssss: [1]ECABR!#REF!
Name T: #REF!
Name TCAIE: [7]CH1902!$B$20:$B$20
Name TCFEEIS: #REF!
Name TRASP: #REF!
Name U: #REF!
Name x: #REF!

Sheet Notas a los Edos Financieros
A1: Fideicomiso de Apoyo Operativo al Consejo de Cuenca Lerma Chapala <<FICUENCA>> | C1: Ejercicio: | D1: 2026
A2: Notas de Desglose y Memoria | C2: Periodicidad: | D2: Trimestral
A3: Del 01 de enero al 30 de Septiembre de 2026 | C3: Corte: | D3: 3
A4: (Cifras en Pesos)
A5: NOTAS | B5: DESCRIPCIÓN
B7: I. NOTAS DE DESGLOSE:
B9: INFORMACION CONTABLE
A10: ACT-01 | B10: INGRESOS Y OTROS BENEFICIOS
A11: ACT-02 | B11: GASTOS Y OTRAS PERDIDAS
A12: ESF-01 | B12: FONDOS CON AFECTACIÓN ESPECÍFICA E INVERSIONES FINANCIERAS
A13: ESF-02 | B13: CONTRIBUCIONES POR RECUPERAR
A14: ESF-03 | B14: CONTRIBUCIONES POR RECUPERAR CORTO PLAZO
A15: ESF-04 | B15: BIENES DISPONIBLES PARA SU TRANSFORMACIÓN ESTIMACIONES Y DETERIOROS (INVENTARIOS)
A16: ESF-05 | B16: ALMACENES
A17: ESF-06 | B17: FIDEICOMISOS, MANDATOS Y CONTRATOS ANÁLOGOS
A18: ESF-07 | B18: PARTICIPACIONES Y APORTACIONES DE CAPITAL
A19: ESF-08 | B19: BIENES MUEBLES E INMUEBLES
A20: ESF-09 | B20: INTANGIBLES Y DIFERIDOS
A21: ESF-10 | B21: ESTIMACIONES Y DETERIOROS
... A36: Conciliacion_Eg | B36: CONCILIACIÓN ENTRE LOS EGRESOS PRESUPUESTARIOS Y LOS GASTOS CONTABLES
B38: II. DE MEMORIA (DE ORDEN):
A39: Memoria | B39: CONTABLES
B40: PRESUPUESTARIAS
B41: INGRESOS
B42: EGRESOS
A45: Bajo protesta de decir verdad declaramos que los Estados Financieros y sus notas, son razonablemente correctos y son responsabilidad del emisor.
B48: Ing. Marisol Suárez Correa
B49: Presidenta del Comité Técnico
B52: Juan Lara Centeno
B53: Dirección de Control y Seguimiento de Fideicomisos

Sheet ACT
A1: ='[8]Notas a los Edos Financieros'!A1 -> Fideicomiso de Apoyo Operativo al Consejo de Cuenca Lerma Chapala <<FICUENCA>> | D1: Ejercicio: | E1: ='[8]Notas a los Edos Financieros'!D1 -> 2026
A2: Notas de Desglose Estado de Actividades | D2: Periodicidad: | E2: ='[8]Notas a los Edos Financieros'!D2 -> Trimestral
A3: ='Notas a los Edos Financieros'!A3 -> Del 01 de enero al 30 de Septiembre de 2026 | D3: Corte: | E3: 3
A4: (Cifras en Pesos)
A5: Notas
A7: ACT-01 INGRESOS y OTROS BENEFICIOS
A8: Cuenta | B8: Nombre de la Cuenta | C8: Monto | D8: % | E8: Explicación
A9: 4000 | B9: INGRESOS Y OTROS BENEFICIOS | C9: =+C36+C57+C69+C48 -> 2229871.5 | D9: =IFERROR(C9/$C$48,"") -> 74.648894
A10: 4100 | B10: INGRESOS DE GESTION | C10: =+C11+C21+C27+C30+C36+C39+C48 -> 29871.46 | D10: =IFERROR(C10/$C$48,"") -> 1
A11: 4110 | B11: Impuestos | C11: 0 | D11: =IFERROR(C11/$C$48,"") -> 0
A12: 4111 | B12: Impuestos Sobre los Ingresos | C12: 0 | D12: =IFERROR(C12/$C$48,"") -> 0
A13: 4112 | B13: Impuestos Sobre el Patrimonio | C13: 0 | D13: =IFERROR(C13/$C$48,"") -> 0
A14: 4113 | B14: Impuestos Sobre la Producción, el Consumo y las Transacciones | C14: 0 | D14: =IFERROR(C14/$C$48,"") -> 0
A15: 4114 | B15: Impuestos al Comercio Exterior | C15: 0 | D15: =IFERROR(C15/$C$48,"") -> 0
A16: 4115 | B16: Impuestos Sobre Nóminas y Asimilables | C16: 0 | D16: =IFERROR(C16/$C$48,"") -> 0
A17: 4116 | B17: Impuestos Ecológicos | C17: 0 | D17: =IFERROR(C17/$C$48,"") -> 0
A18: 4117 | B18: Accesorios de Impuestos | C18: 0 | D18: =IFERROR(C18/$C$48,"") -> 0
A19: 4118 | B19: Impuestos no Comprendidos en la Ley de Ingresos Vigente, Causados en Ejercicios Fiscales Anteriores Pendientes de Liquidación o Pago | C19: 0 | D19: =IFERROR(C19/$C$48,"") -> 0
A20: 4119 | B20: Otros Impuestos | C20: 0 | D20: =IFERROR(C20/$C$48,"") -> 0
A21: 4120 | B21: Cuotas y Aportaciones de Seguridad Social | C21: 0 | D21: =IFERROR(C21/$C$48,"") -> 0
A22: 4121 | B22: Aportaciones para Fondos de Vivienda | C22: 0 | D22: =IFERROR(C22/$C$48,"") -> 0
... A47: 4169 | B47: Otros Aprovechamientos | C47: 0 | D47: =IFERROR(C47/$C$48,"") -> 0
A48: 4170 | B48: Ingresos por Venta de Bienes y Prestación de Servicios | C48: =+C51 -> 29871.46 | D48: =IFERROR(C48/$C$48,"") -> 1
A49: 4171 | B49: Ingresos por Venta de Bienes y Prestación de Servicios de Instituciones Públicas de Seguridad Social | C49: 0 | D49: =IFERROR(C49/$C$48,"") -> 0
A50: 4172 | B50: Ingresos por Venta de Bienes y Prestación de Servicios de Empresas Productivas del Estado | C50: 0 | D50: =IFERROR(C50/$C$48,"") -> 0
A51: 4173 | B51: Ingresos por Venta de Bienes y Prestación de Servicios de Entidades Paraestatales y Fideicomisos No Empresariales y No Financieros | C51: =+[9]ACT!B11 -> 29871.46 | D51: =IFERROR(C51/$C$48,"") -> 1
A52: 4174 | B52: Ingresos por Venta de Bienes y Prestación de Servicios de Entidades Paraestatales Empresariales No Financieras con Participación Estatal Mayoritaria | C52: 0 | D52: =IFERROR(C52/$C$48,"") -> 0
A53: 4175 | B53: Ingresos por Venta de Bienes y Prestación de Servicios de Entidades Paraestatales Empresariales Financieras Monetarias con Participación Estatal Mayoritaria | C53: 0 | D53: =IFERROR(C53/$C$48,"") -> 0
A54: 4176 | B54: Ingresos por Venta de Bienes y Prestación de Servicios de Entidades Paraestatales Empresariales Financieras No Monetarias con Participación Estatal Mayoritaria | C54: 0 | D54: =IFERROR(C54/$C$48,"") -> 0
A55: 4177 | B55: Ingresos por Venta de Bienes y Prestación de Servicios de Fideicomisos Financieros Públicos con Participación Estatal Mayoritaria | C55: 0 | D55: =IFERROR(C55/$C$48,"") -> 0
A56: 4178 | B56: Ingresos por Venta de Bienes y Prestación de Servicios de los Poderes Legislativo y Judicial, y de los Órganos Autónomos | C56: 0 | D56: =IFERROR(C56/$C$48,"") -> 0
A57: 4200 | B57: PARTICIPACIONES, APORTACIONES, CONVENIOS, INCENTIVOS DERIVADOS DE LA COLABORACIÓN FISCAL, FONDOS DISTINTOS DE APORTACIONES, TRANSFERENCIAS, ASIGNACIONES, SUBSIDIOS Y SUBVENCIONES, Y PENSIONES Y JUBILACIONES | C57: =+C58+C64 -> 2200000 | D57: =IFERROR(C57/$C$48,"") -> 73.648894
A58: 4210 | B58: Participaciones, Aportaciones, Convenios, Incentivos Derivados de la Colaboración Fiscal y Fondos Distintos de Aportaciones | C58: 0 | D58: =IFERROR(C58/$C$48,"") -> 0
A59: 4211 | B59: Participaciones | C59: 0 | D59: =IFERROR(C59/$C$48,"") -> 0
A60: 4212 | B60: Aportaciones | C60: 0 | D60: =IFERROR(C60/$C$48,"") -> 0
A61: 4213 | B61: Convenios | C61: 0 | D61: =IFERROR(C61/$C$48,"") -> 0
A62: 4214 | B62: Incentivos derivados de la Colaboración Fiscal | C62: 0 | D62: =IFERROR(C62/$C$48,"") -> 0
A63: 4215 | B63: Fondos Distintos de Aportaciones | C63: 0 | D63: =IFERROR(C63/$C$48,"") -> 0
A64: 4220 | B64: Transferencias, Asignaciones, Subsidios y Otras ayudas | C64: =+C65 -> 2200000 | D64: =IFERROR(C64/$C$48,"") -> 73.648894
A65: 4221 | B65: Transferencias Internas y Asignaciones del Sector Público | C65: =+[9]ACT!B15 -> 2200000 | D65: =IFERROR(C65/$C$48,"") -> 73.648894
A66: 4223 | B66: Subsidios y Subvenciones | C66: 0 | D66: =IFERROR(C66/$C$48,"") -> 0
A67: 4225 | B67: Pensiones y Jubilaciones | C67: 0 | D67: =IFERROR(C67/$C$48,"") -> 0
A68: 4227 | B68: Transferencias del Fondo Mexicano del Petróleo para la Estabilización y el Desarrollo | C68: 0 | D68: =IFERROR(C68/$C$48,"") -> 0
A69: 4300 | B69: OTROS INGRESOS Y BENEFICIOS | C69: 0 | D69: =IFERROR(C69/$C$48,"") -> 0
A70: 4310 | B70: Ingresos Financieros | C70: 0 | D70: =IFERROR(C70/$C$48,"") -> 0
A71: 4311 | B71: Intereses Ganados de Títulos, Valores y demás Instrumentos Financieros | C71: 0 | D71: =IFERROR(C71/$C$48,"") -> 0
A72: 4319 | B72: Otros Ingresos Financieros | C72: 0 | D72: =IFERROR(C72/$C$48,"") -> 0
A73: 4320 | B73: Incremento por Variación de Inventarios | C73: 0 | D73: =IFERROR(C73/$C$48,"") -> 0
A74: 4321 | B74: Incremento por Variación de Inventarios de Mercancías para Venta | C74: 0 | D74: =IFERROR(C74/$C$48,"") -> 0
A75: 4322 | B75: Incremento por Variación de Inventarios de Mercancías Terminadas | C75: 0 | D75: =IFERROR(C75/$C$48,"") -> 0
A76: 4323 | B76: Incremento por Variación de Inventarios de Mercancías en Proceso de Elaboración | C76: 0 | D76: =IFERROR(C76/$C$48,"") -> 0
A77: 4324 | B77: Incremento por Variación de Inventarios de Materias Primas, Materiales y Suministros para Producción | C77: 0 | D77: =IFERROR(C77/$C$48,"") -> 0
... A90: 4399 | B90: Otros Ingresos y Beneficios Varios | C90: 0 | D90: =IFERROR(C90/$C$48,"") -> 0
A92: ACT-02 GASTOS Y OTRAS PERDIDAS
A93: Cuenta | B93: Nombre de la Cuenta | C93: Monto | D93: % | E93: Explicación
A94: 5000 | B94: GASTOS Y OTRAS PERDIDAS | C94: =C95+C123+C181 -> 1463818.3
A95: 5100 | B95: GASTOS DE FUNCIONAMIENTO | C95: =C96+C103+C113 -> 1398123.6
A96: 5110 | B96: Servicios Personales | C96: =SUM(C97:C102) -> 897590.18 | D96: =IFERROR(C96/$C$96,"") -> 1
A97: 5111 | B97: Remuneraciones al Personal de Carácter Permanente | C97: 0 | D97: =IFERROR(C97/$C$96,"") -> 0
A98: 5112 | B98: Remuneraciones al Personal de Carácter Transitorio | C98: =+[9]ACT!B28 -> 897590.18 | D98: =IFERROR(C98/$C$96,"") -> 1
A99: 5113 | B99: Remuneraciones Adicionales y Especiales | C99: 0 | D99: =IFERROR(C99/$C$96,"") -> 0
A100: 5114 | B100: Seguridad Social | C100: 0 | D100: =IFERROR(C100/$C$96,"") -> 0
A101: 5115 | B101: Otras Prestaciones Sociales y Económicas | C101: 0 | D101: =IFERROR(C101/$C$96,"") -> 0
A102: 5116 | B102: Pago de Estímulos a Servidores Públicos | C102: 0 | D102: =IFERROR(C102/$C$96,"") -> 0
A103: 5120 | B103: Materiales y Suministros | C103: =SUM(C104:C112) -> 32784.77 | D103: =IFERROR(C103/$C$103,"") -> 1
A104: 5121 | B104: Materiales de Administración, Emisión de Documentos y Artículos Oficiales | C104: 0 | D104: =IFERROR(C104/$C$103,"") -> 0
A105: 5122 | B105: Alimentos y Utensilios | C105: 0 | D105: =IFERROR(C105/$C$103,"") -> 0
A106: 5123 | B106: Materias Primas y Materiales de Producción y Comercialización | C106: 0 | D106: =IFERROR(C106/$C$103,"") -> 0
A107: 5124 | B107: Materiales y Artículos de Construcción y de Reparación | C107: 0 | D107: =IFERROR(C107/$C$103,"") -> 0
A108: 5125 | B108: Productos Químicos, Farmacéuticos y de Laboratorio | C108: 0 | D108: =IFERROR(C108/$C$103,"") -> 0
A109: 5126 | B109: Combustibles, Lubricantes y Aditivos | C109: 32784.77 | D109: =IFERROR(C109/$C$103,"") -> 1
A110: 5127 | B110: Vestuario, Blancos, Prendas de Protección y Artículos Deportivos | C110: 0 | D110: =IFERROR(C110/$C$103,"") -> 0
A111: 5128 | B111: Materiales y Suministros para Seguridad | C111: 0 | D111: =IFERROR(C111/$C$103,"") -> 0
A112: 5129 | B112: Herramientas, Refacciones y Accesorios Menores | C112: 0 | D112: =IFERROR(C112/$C$103,"") -> 0
A113: 5130 | B113: Servicios Generales | C113: =SUM(C114:C122) -> 467748.7 | D113: =IFERROR(C113/$C$113,"") -> 1
A114: 5131 | B114: Servicios Básicos | C114: 13951.85 | D114: =IFERROR(C114/$C$113,"") -> 0.029827662
A115: 5132 | B115: Servicios de Arrendamiento | C115: 0 | D115: =IFERROR(C115/$C$113,"") -> 0
A116: 5133 | B116: Servicios Profesionales, Científicos y Técnicos y Otros Servicios | C116: 69334.56 | D116: =IFERROR(C116/$C$113,"") -> 0.14823036
A117: 5134 | B117: Servicios Financieros, Bancarios y Comerciales | C117: 148724.94 | D117: =IFERROR(C117/$C$113,"") -> 0.31795907
A118: 5135 | B118: Servicios de Instalación, Reparación, Mantenimiento y Conservación | C118: 109383.51 | D118: =IFERROR(C118/$C$113,"") -> 0.23385102
A119: 5136 | B119: Servicios de Comunicación Social y Publicidad | C119: 0 | D119: =IFERROR(C119/$C$113,"") -> 0
A120: 5137 | B120: Servicios de Traslado y Viáticos | C120: 34684.04 | D120: =IFERROR(C120/$C$113,"") -> 0.074151013
A121: 5138 | B121: Servicios Oficiales | C121: 63802.8 | D121: =IFERROR(C121/$C$113,"") -> 0.13640401
A122: 5139 | B122: Otros Servicios Generales | C122: 27867 | D122: =IFERROR(C122/$C$113,"") -> 0.059576863
A123: 5200 | B123: TRANSFERENCIAS, ASIGNACIONES, SUBSIDIOS Y OTRAS AYUDAS | C123: 0 | D123: =IFERROR(C123/$C$113,"") -> 0
A124: 5210 | B124: Transferencias Internas y Asignaciones al Sector Público | C124: 0 | D124: =IFERROR(C124/$C$113,"") -> 0
A125: 5211 | B125: Asignaciones al Sector Público | C125: 0 | D125: =IFERROR(C125/$C$113,"") -> 0
... A180: 5452 | B180: Apoyo Financieros a Ahorradores y Deudores del Sistema Financiero Nacional | C180: 0 | D180: =IFERROR(C180/$C$113,"") -> 0
A181: 5500 | B181: OTROS GASTOS Y PERDIDAS EXTRAORDINARIAS | C181: =SUM(C182:C212) -> 65694.69 | D181: =IFERROR(C181/$C$113,"") -> 0.14044869
A182: 5510 | B182: Estimaciones, Depreciaciones, Deterioros, Obsolescencia y Amortizaciones | C182: 0 | D182: =IFERROR(C182/$C$113,"") -> 0
A183: 5511 | B183: Estimaciones por Pérdida o Deterioro de Activos Circulantes | C183: 0 | D183: =IFERROR(C183/$C$113,"") -> 0
A184: 5512 | B184: Estimaciones por Pérdida o Deterioro de Activo no Circulante | C184: 0 | D184: =IFERROR(C184/$C$113,"") -> 0
A185: 5513 | B185: Depreciación de Bienes Inmuebles | C185: 0 | D185: =IFERROR(C185/$C$113,"") -> 0
A186: 5514 | B186: Depreciación de Infraestructura | C186: 0 | D186: =IFERROR(C186/$C$113,"") -> 0
A187: 5515 | B187: Depreciación de Bienes Muebles | C187: =+[9]ACT!B56 -> 65694.69 | D187: =IFERROR(C187/$C$113,"") -> 0.14044869
A188: 5516 | B188: Deterioro de los Activos Biológicos | C188: 0 | D188: =IFERROR(C188/$C$113,"") -> 0
A189: 5517 | B189: Amortización de Activos Intangibles | C189: 0 | D189: =IFERROR(C189/$C$113,"") -> 0
A190: 5518 | B190: Disminución de Bienes por pérdida, obsolescencia y deterioro | C190: 0 | D190: =IFERROR(C190/$C$113,"") -> 0
A191: 5520 | B191: Provisiones | C191: 0 | D191: =IFERROR(C191/$C$113,"") -> 0
A192: 5521 | B192: Provisiones de Pasivos a Corto Plazo | C192: 0 | D192: =IFERROR(C192/$C$113,"") -> 0
...

Sheet ESF
A1: ='[8]Notas a los Edos Financieros'!A1 -> Fideicomiso de Apoyo Operativo al Consejo de Cuenca Lerma Chapala <<FICUENCA>> | G1: Ejercicio: | H1: ='[8]Notas a los Edos Financieros'!D1 -> 2026
A2: Notas de Desglose Estado de Situación Financiera | G2: Periodicidad: | H2: ='[8]Notas a los Edos Financieros'!D2 -> Trimestral
A3: ='Notas a los Edos Financieros'!A3 -> Del 01 de enero al 30 de Septiembre de 2026 | G3: Corte: | H3: ='Notas a los Edos Financieros'!D3 -> 3
A4: (Cifras en Pesos)
A5: Notas
A7: ESF-01 FONDOS CON AFECTACIÓN ESPECÍFICA E INVERSIONES FINANCIERAS
A8: Cuenta | B8: Nombre de la Cuenta | C8: Monto | D8: Tipo
A9: 1114 | B9: Inversiones Temporales (Hasta 3 meses) | C9: 2178865.6
A10: 1115 | B10: Fondos con Afectación Específica | C10: 0
A11: 1121 | B11: Inversiones Financieras de Corto Plazo | C11: 0
A13: ESF-02 CONTRIBUCIONES POR RECUPERAR
A14: Cuenta | B14: Nombre de la Cuenta | C14: Monto | D14: 2025 | E14: =D14-1 -> 2024 | F14: =E14-1 -> 2023 | G14: =F14-1 -> 2022 | H14: Factibilidad de Cobro
A15: 1122 | B15: Cuentas por Cobrar a Corto Plazo | C15: 0 | D15: 0 | E15: 0 | F15: 0 | G15: 0 | H15: SIN INFORMACION QUE REVELAR
A16: 1124 | B16: Ingresos por Recuperar a Corto Plazo | C16: 0 | D16: 0 | E16: 0 | F16: 0 | G16: 0
A18: ESF-03 CONTRIBUCIONES POR RECUPERAR CORTO PLAZO
A19: Cuenta | B19: Nombre de la Cuenta | C19: Monto | D19: A 90 Días | E19: A 180 Días | F19: A 365 Días | G19: + 365 Días | H19: Característica
A20: 1123 | B20: Deudores Diversos por Cobrar a Corto Plazo | C20: 0 | D20: 0 | E20: 0 | F20: 0 | G20: 0
A21: 1125 | B21: Deudores por Anticipos de la Tesorería a Corto Plazo | C21: 0 | D21: 0 | E21: 0 | F21: 0 | G21: 0
A22: 1126 | B22: Préstamos Otorgados a Corto Plazo | C22: 0 | D22: 0 | E22: 0 | F22: 0 | G22: 0
A23: 1129 | B23: Otros Derechos a Recibir Efectivo o Equivalentes a Corto Plazo | C23: 0 | D23: 0 | E23: 0 | F23: 0 | G23: 0 | H23: SIN INFORMACION QUE REVELAR
A24: 1131 | B24: Anticipo a Proveedores por Adquisición de Bienes y Prestación de Servicios a Corto Plazo | C24: 0 | D24: 0 | E24: 0 | F24: 0 | G24: 0
A25: 1132 | B25: Anticipo a Proveedores por Adquisición de Bienes Inmuebles y Muebles a Corto Plazo | C25: 0 | D25: 0 | E25: 0 | F25: 0 | G25: 0
A26: 1133 | B26: Anticipo a Proveedores por Adquisición de Bienes Intangibles a Corto Plazo | C26: 0 | D26: 0 | E26: 0 | F26: 0 | G26: 0
A27: 1134 | B27: Anticipo a Contratistas por Obras Públicas a Corto Plazo | C27: 0 | D27: 0 | E27: 0 | F27: 0 | G27: 0
A28: 1139 | B28: Otros Derechos a Recibir Bienes o Servicios a Corto Plazo | C28: 0 | D28: 0 | E28: 0 | F28: 0 | G28: 0
A30: ESF-04 BIENES DISPONIBLES PARA SU TRANSFORMACIÓN ESTIMACIONES Y DETERIOROS (INVENTARIOS)
A31: Cuenta | B31: Nombre de la Cuenta | C31: Monto | D31: Sistema de Costeo | E31: Método de Valuación | F31: Impacto de Información Financiera
A32: 1140 | B32: Inventarios | C32: 0
A33: 1141 | B33: Inventario de Mercancías para Venta | C33: 0
A34: 1142 | B34: Inventario de Mercancías Terminadas | C34: 0
A35: 1143 | B35: Inventario de Mercancías en Proceso de Elaboración | C35: 0 | D35: SIN INFORMACION QUE REVELAR
A36: 1144 | B36: Inventario de Materias Primas, Materiales y Suministros para Producción | C36: 0
A37: 1145 | B37: Bienes en Tránsito | C37: 0
A39: ESF-05 ALMACENES
A40: Cuenta | B40: Nombre de la Cuenta | C40: Monto | D40: Método de Valuación | E40: Conveniencia de Aplicación | F40: Impacto de Información Financiera
A41: 1150 | B41: Almacenes | C41: 0 | D41: SIN INFORMACION QUE REVELAR
A42: 1151 | B42: Almacén de Materiales y Suministros de Consumo | C42: 0
A44: ESF-06 FIDEICOMISOS, MANDATOS Y CONTRATOS ANÁLOGOS
A45: Cuenta | B45: Nombre de la Cuenta | C45: Monto | D45: Tipo | E45: Característica
A46: 1213 | B46: Fideicomisos, Mandatos y Contratos Análogos | C46: 0 | D46: SIN INFORMACION QUE REVELAR
A48: ESF-07 PARTICIPACIONES Y APORTACIONES DE CAPITAL
A49: Cuenta | B49: Nombre de la Cuenta | C49: Monto
A50: 1211 | B50: Inversiones a Largo Plazo | C50: 0
A51: 1212 | B51: Títulos y Valores a Largo Plazo | C51: 0 | D51: SIN INFORMACION QUE REVELAR
A52: 1214 | B52: Participaciones y Aportaciones de Capital | C52: 0
A54: ESF-08 BIENES MUEBLES E INMUEBLES
A55: Cuenta | B55: Nombre de la Cuenta | C55: Monto | D55: Dep. Gasto | E55: Dep. Acumulada | F55: Método de depreciación | G55: Tasas determinada | H55: Criterios | I55: Estado del bien | J55: Características
A56: 1230 | B56: Bienes Inmuebles, Infraestructura y Construcciones en Proceso | C56: 0 | D56: 0 | E56: 0
A57: 1231 | B57: Terrenos | C57: 0
A58: 1232 | B58: Viviendas | C58: 0 | D58: 0 | E58: 0
A59: 1233 | B59: Edificios no Habitacionales | C59: 0 | D59: 0 | E59: 0
A60: 1234 | B60: Infraestructura | C60: 0 | D60: 0 | E60: 0
A61: 1235 | B61: Construcciones en Proceso en Bienes de Dominio Público | C61: 0 | D61: 0 | E61: 0
A62: 1236 | B62: Construcciones en Proceso en Bienes Propios | C62: 0 | D62: 0 | E62: 0
A63: 1239 | B63: Otros Bienes Inmuebles | C63: 0 | D63: 0 | E63: 0
A64: 1240 | B64: Bienes Muebles | C64: =+C65+C70+C68 -> 680049.17 | D64: =+D65+D70+D68 -> -65694.69 | E64: =+E65+E70+E68 -> 458130.62
A65: 1241 | B65: Mobiliario y Equipo de Administración | C65: =239794.75+115366.92+36120 -> 391281.67 | D65: =-17984.7-5416.02-2709 -> -26109.72 | E65: =169525.58+102105.31+25284 -> 296914.89 | F65: VIDA UTIL ESTIMADA | G65: 33.3% ANUAL | H65: GUIA DE VIDA UTIL ESTIMADA Y PORCENTAJES DE DEPRECIACION PUBLICADAS EN EL DOF EL 15 DE AGOSTO DE 2012
A66: 1242 | B66: Mobiliario y Equipo Educacional y Recreativo | C66: 0 | D66: 0 | E66: 0
A67: 1243 | B67: Equipo e Instrumental Médico y de Laboratorio | C67: 0 | D67: 0 | E67: 0
A68: 1244 | B68: Vehículos y Equipo de Transporte | C68: 263900 | D68: -39584.97 | E68: 136348.23 | F68: VIDA UTIL ESTIMADA | G68: 5% ANUAL | H68: GUIA DE VIDA UTIL ESTIMADA Y PORCENTAJES DE DEPRECIACION PUBLICADAS EN EL DOF EL 15 DE AGOSTO DE 2012
A69: 1245 | B69: Equipo de Defensa y Seguridad | C69: 0 | D69: 0 | E69: 0
A70: 1246 | B70: Maquinaria, Otros Equipos y Herramientas | C70: 24867.5 | D70: 0 | E70: 24867.5 | F70: VIDA UTIL ESTIMADA | G70: 10% ANUAL | H70: GUIA DE VIDA UTIL ESTIMADA Y PORCENTAJES DE DEPRECIACION PUBLICADAS EN EL DOF EL 15 DE AGOSTO DE 2012
A71: 1247 | B71: Colecciones, Obras de Arte y Objetos Valiosos | C71: 0 | D71: 0 | E71: 0
A72: 1248 | B72: Activos Biológicos | C72: 0 | D72: 0 | E72: 0
A74: ESF-09 INTANGIBLES Y DIFERIDOS
A75: Cuenta | B75: Nombre de la Cuenta | C75: Monto | D75: Amort. Gasto | E75: Amort. Acum | F75: Métodos aplicados | G75: Tasas Aplicada
A76: 1250 | B76: Activos Intangibles | C76: 0 | D76: 0 | E76: 0
A77: 1251 | B77: Software | C77: 0 | D77: 0 | E77: 0
A78: 1252 | B78: Patentes, Marcas y Derechos | C78: 0 | D78: 0 | E78: 0 | G78: SIN INFORMACION QUE REVELAR
A79: 1253 | B79: Concesiones y Franquicias | C79: 0 | D79: 0 | E79: 0
A80: 1254 | B80: Licencias | C80: 0 | D80: 0 | E80: 0
A81: 1259 | B81: Otros Activos Intangibles | C81: 0 | D81: 0 | E81: 0
A82: 1270 | B82: Activos Diferidos | C82: 0
A83: 1271 | B83: Estudios, Formulación y Evaluación de Proyectos | C83: 0
A84: 1272 | B84: Derechos Sobre Bienes en Régimen de Arrendamiento Financiero | C84: 0
A85: 1273 | B85: Gastos Pagados por Adelantado a Largo Plazo | C85: 0
A86: 1274 | B86: Anticipos a Largo Plazo | C86: 0
A87: 1275 | B87: Beneficios al Retiro de Empleados Pagados por Adelantado | C87: 0
A88: 1279 | B88: Otros Activos Diferidos | C88: 0
A90: ESF-10 ESTIMACIONES Y DETERIOROS
A91: Cuenta | B91: Nombre de la Cuenta | C91: Monto | D91: Criterios
A92: 1160 | B92: Estimación por Pérdida o Deterioro de Activos Circulantes | C92: 0
A93: 1161 | B93: Estimaciones para Cuentas Incobrables por Derechos a Recibir Efectivo o Equivalentes | C93: 0 | D93: SIN INFORMACION QUE REVELAR
A94: 1162 | B94: Estimación por Deterioro de Inventarios | C94: 0
A96: ESF-11 OTROS ACTIVOS
A97: Cuenta | B97: Nombre de la Cuenta | C97: Monto | D97: Característica
A98: 1190 | B98: Otros Activos Circulantes | C98: 0
A99: 1191 | B99: Valores en Garantía | C99: 0
A100: 1192 | B100: Bienes en Garantía (excluye depósitos de fondos) | C100: 0
A101: 1193 | B101: Bienes derivados de embargos, decomisos, aseguramientos y dación en pago | C101: 0 | D101: SIN INFORMACION QUE REVELAR
A102: 1194 | B102: Adquisición con Fondos de Terceros | C102: 0
A103: 1290 | B103: Otros Activos no Circulantes | C103: 0
A104: 1291 | B104: Bienes en Concesión | C104: 0
A105: 1292 | B105: Bienes en Arrendamiento Financiero | C105: 0
A106: 1293 | B106: Bienes en Comodato | C106: 0
A108: ESF-12 CUENTAS Y DOCUMENTOS POR PAGAR
A109: Cuenta | B109: Nombre de la Cuenta | C109: Monto | D109: A 90 Días | E109: A 180 Días | F109: A 365 Días | G109: Más 365 Días | H109: Características
A110: 2110 | B110: Cuentas por Pagar a Corto Plazo | C110: =SUM(C111:C123) -> 23139.99 | D110: =SUM(D111:D123) -> 23139.99 | E110: 0 | F110: 0 | G110: 0
A111: 2111 | B111: Servicios Personales por Pagar a Corto Plazo | C111: 0 | D111: 0 | E111: 0 | F111: 0 | G111: 0
A112: 2112 | B112: Proveedores por Pagar a Corto Plazo | C112: 1398.99 | D112: 1398.99 | E112: 0 | F112: 0 | G112: 0
...

Sheet VHP
A1: =[8]ESF!A1 -> Fideicomiso de Apoyo Operativo al Consejo de Cuenca Lerma Chapala <<FICUENCA>> | D1: Ejercicio: | E1: ='[8]Notas a los Edos Financieros'!D1 -> 2026
A2: Notas de Desglose Estado de Variación en la Hacienda Pública | D2: Periodicidad: | E2: ='[8]Notas a los Edos Financieros'!D2 -> Trimestral
A3: =ESF!A3 -> Del 01 de enero al 30 de Septiembre de 2026 | D3: Corte: | E3: ='Notas a los Edos Financieros'!D3 -> 3
A4: (Cifras en Pesos)
A5: Notas
A7: VHP-01 PATRIMONIO CONTRIBUIDO
A8: Cuenta | B8: Nombre de la Cuenta | C8: Monto | D8: Tipo | E8: Naturaleza
A9: 3110 | B9: Aportaciones | C9: 0
A10: 3120 | B10: Donaciones de Capital | C10: 0 | D10: SIN INFORMACION QUE REVELAR
A11: 3130 | B11: Actualización de la Hacienda Pública/Patrimonio | C11: 0
A13: VHP-02 PATRIMONIO GENERADO
A14: Cuenta | B14: Nombre de la Cuenta | C14: Monto | D14: Procedencia
A15: 3210 | B15: Resultado del Ejercicio (Ahorro/Desahorro) | C15: =+[9]ESF!E36 -> 766053.12
A16: 3220 | B16: Resultados de Ejercicios Anteriores | C16: =[9]ESF!E37 -> 1611593.7
A17: 3230 | B17: Revalúos | C17: 0
A18: 3231 | B18: Revalúo de Bienes Inmuebles | C18: 0
A19: 3232 | B19: Revalúo de Bienes Muebles | C19: 0
A20: 3233 | B20: Revalúo de Bienes Intangibles | C20: 0
A21: 3239 | B21: Otros Revalúos | C21: 0
A22: 3240 | B22: Reservas | C22: 0
A23: 3241 | B23: Reservas de Patrimonio | C23: 0
A24: 3242 | B24: Reservas Territoriales | C24: 0
A25: 3243 | B25: Reservas por Contingencias | C25: 0
A26: 3250 | B26: Rectificaciones de Resultados de Ejercicios Anteriores | C26: 0
A27: 3251 | B27: Cambios en Políticas Contables | C27: 0
A28: 3252 | B28: Cambios por Errores Contables | C28: 0
A29: 3253 | B29: Cambios en Estimaciones Contables | C29: 0
A31: Bajo protesta de decir verdad declaramos que los Estados Financieros y sus notas, son razonablemente correctos y son responsabilidad del emisor.
B34: Ing. Marisol Suárez Correa
B35: Presidenta del Comité Técnico
B38: Juan Lara Centeno
B39: Dirección de Control y Seguimiento de Fideicomisos

Sheet EFE
A1: =[8]ESF!A1 -> Fideicomiso de Apoyo Operativo al Consejo de Cuenca Lerma Chapala <<FICUENCA>> | D1: Ejercicio: | E1: ='[8]Notas a los Edos Financieros'!D1 -> 2026
A2: Notas de Desglose Estado de Flujos de Efectivo | D2: Periodicidad: | E2: ='[8]Notas a los Edos Financieros'!D2 -> Trimestral
A3: =ESF!A3 -> Del 01 de enero al 30 de Septiembre de 2026 | D3: Corte: | E3: ='Notas a los Edos Financieros'!D3 -> 3
A4: (Cifras en Pesos)
A5: Notas
A7: EFE-01 EFECTIVO Y EQUIVALENTES
A8: Cuenta | B8: Nombre de la Cuenta | C8: 2026 | D8: =C8-1 -> 2025
A9: 1111 | B9: Efectivo | C9: 0 | D9: 0
A10: 1112 | B10: Bancos/Tesorería | C10: 2.57 | D10: 38.24
A11: 1113 | B11: Bancos/Dependencias y Otros | C11: 0 | D11: 0
A12: 1114 | B12: Inversiones Temporales (Hasta 3 meses) | C12: =ESF!C9 -> 2178865.6 | D12: 1382908.2
A13: 1115 | B13: Fondos con Afectación Específica | C13: 0 | D13: 0
A14: 1116 | B14: Depósitos de Fondos de Terceros en Garantía y/o Administración | C14: 0 | D14: 0
A15: 1119 | B15: Otros Efectivos y Equivalentes | C15: 0 | D15: 0
A16: 1110 | B16: Total de Efectivo y Equivalentes | C16: =SUM(C9:C15) -> 2178868.2 | D16: =SUM(D9:D15) -> 1382946.5
A19: EFE-02 ADQ. DE ACT. DE INVERSIÓN EFECTIVAMENTE PAGADAS
A20: Cuenta | B20: Nombre de la Cuenta | C20: 2026 | D20: =C20-1 -> 2025
A21: 1230 | B21: Bienes Inmuebles, Infraestructura y Construcciones en Proceso | C21: 0 | D21: 0
A22: 1231 | B22: Terrenos | C22: 0 | D22: 0
A23: 1232 | B23: Viviendas | C23: 0 | D23: 0
A24: 1233 | B24: Edificios no Habitacionales | C24: 0 | D24: 0
A25: 1234 | B25: Infraestructura | C25: 0 | D25: 0
A26: 1235 | B26: Construcciones en Proceso en Bienes de Dominio Público | C26: 0 | D26: 0
A27: 1236 | B27: Construcciones en Proceso en Bienes Propios | C27: 0 | D27: 0
A28: 1239 | B28: Otros Bienes Inmuebles | C28: 0 | D28: 0
A29: 1240 | B29: Bienes Muebles | C29: 0 | D29: 0
A30: 1241 | B30: Mobiliario y Equipo de Administración | C30: 0 | D30: 0
A31: 1242 | B31: Mobiliario y Equipo Educacional y Recreativo | C31: 0 | D31: 0
A32: 1243 | B32: Equipo e Instrumental Médico y de Laboratorio | C32: 0 | D32: 0 | E32: SIN INFORMACION QUE REVELAR
A33: 1244 | B33: Vehículos y Equipo de Transporte | C33: 0 | D33: 0
A34: 1245 | B34: Equipo de Defensa y Seguridad | C34: 0 | D34: 0
A35: 1246 | B35: Maquinaria, Otros Equipos y Herramientas | C35: 0 | D35: 0
A36: 1247 | B36: Colecciones, Obras de Arte y Objetos Valiosos | C36: 0 | D36: 0
A37: 1248 | B37: Activos Biológicos | C37: 0 | D37: 0
A38: 1250 | B38: Activos Intangibles | C38: 0 | D38: 0
A39: 1251 | B39: Software | C39: 0 | D39: 0
A40: 1252 | B40: Patentes, Marcas y Derechos | C40: 0 | D40: 0
A41: 1253 | B41: Concesiones y Franquicias | C41: 0 | D41: 0
A42: 1254 | B42: Licencias | C42: 0 | D42: 0
A43: 1259 | B43: Otros Activos Intangibles | C43: 0 | D43: 0
B44: Total de Aplicación de efectivo por Actividades de Inversión | C44: =C21+C29+C38 -> 0 | D44: =D21+D29+D38 -> 0
A46: EFE-03 CONCILIACION DE FLUJOS DE EFECTIVO NETOS
A47: Cuenta | B47: Nombre de la Cuenta | C47: 2026 | D47: =C47-1 -> 2025
A48: 3210 | B48: Resultado del Ejercicio (Ahorro/Desahorro) | C48: =[9]ACT!B66 -> 766053.12 | D48: 13965.47
B49: (+) Movimientos de partidas (o rubros) que no afectan al efectivo | C49: =C62+C93 -> 88834.68 | D49: =D62+D93 -> 147602.25
A50: 5400 | B50: INTERESES, COMISIONES Y OTROS GASTOS DE LA DEUDA PUBLICA | C50: 0 | D50: 0
A51: 5410 | B51: Intereses de la deuda pública | C51: 0 | D51: 0
A52: 5411 | B52: Intereses de la Deuda Pública Interna | C52: 0 | D52: 0
A53: 5420 | B53: Comisiones de la deuda pública | C53: 0 | D53: 0
A54: 5421 | B54: Comisiones de la Deuda Pública Interna | C54: 0 | D54: 0
A55: 5430 | B55: Gastos de la deuda pública | C55: 0 | D55: 0
A56: 5431 | B56: Gastos de la Deuda Pública Interna | C56: 0 | D56: 0
A57: 5440 | B57: Costo por coberturas | C57: 0 | D57: 0
A58: 5441 | B58: Costo por coberturas | C58: 0 | D58: 0
A59: 5450 | B59: Apoyos financieros | C59: 0 | D59: 0
A60: 5451 | B60: Apoyos Financieros a Intermediarios | C60: 0 | D60: 0
A61: 5452 | B61: Apoyo Financieros a Ahorradores y Deudores del Sistema Financiero Nacional | C61: 0 | D61: 0
A62: 5500 | B62: OTROS GASTOS Y PERDIDAS EXTRAORDINARIAS | C62: =+C63+C72+C75+C81+C83+C85+C66 -> 124660.74 | D62: =+D63+D72+D75+D81+D83+D85+D66 -> 123161.18
A63: 5510 | B63: Estimaciones, Depreciaciones, Deterioros, Obsolescencia y Amortizaciones | C63: =SUM(C64:C71) -> 65694.69 | D63: =SUM(D64:D71) -> 88636.2
A64: 5511 | B64: Estimaciones por Pérdida o Deterioro de Activos Circulantes | C64: 0 | D64: 0
A65: 5512 | B65: Estimaciones por Pérdida o Deterioro de Activo no Circulante | C65: 0 | D65: 0
A66: 5513 | B66: Depreciación de Bienes Inmuebles | C66: 0 | D66: 0
A67: 5514 | B67: Depreciación de Infraestructura | C67: 0 | D67: 0
A68: 5515 | B68: Depreciación de Bienes Muebles | C68: =ACT!C187 -> 65694.69 | D68: 88636.2
A69: 5516 | B69: Deterioro de los Activos Biológicos | C69: 0 | D69: 0
A70: 5517 | B70: Amortización de Activos Intangibles | C70: 0 | D70: 0
A71: 5518 | B71: Disminución de Bienes por pérdida, obsolescencia y deterioro | C71: 0 | D71: 0
A72: 5520 | B72: Provisiones | C72: 0 | D72: 0
A73: 5521 | B73: Provisiones de Pasivos a Corto Plazo | C73: 0 | D73: 0
A74: 5522 | B74: Provisiones de Pasivos a Largo Plazo | C74: 0 | D74: 0
A75: 5530 | B75: Disminución de Inventarios | C75: 0 | D75: 0
A76: 5531 | B76: Disminución de Inventarios de Mercancías para Venta | C76: 0 | D76: 0
A77: 5532 | B77: Disminución de Inventarios de Mercancías Terminadas | C77: 0 | D77: 0
A78: 5533 | B78: Disminución de Inventarios de Mercancías en Proceso de Elaboración | C78: 0 | D78: 0
A79: 5534 | B79: Disminución de Inventarios de Materias Primas, Materiales y Suministros para Producción | C79: 0 | D79: 0
A80: 5535 | B80: Disminución de Almacén de Materiales y Suministros de Consumo | C80: 0 | D80: 0
A81: 5590 | B81: Otros Gastos | C81: =+C82 -> 58966.05 | D81: =+D82 -> 34524.98
A82: 5591 | B82: Gastos de Ejercicios Anteriores | C82: =[9]EFE!B58 -> 58966.05 | D82: 34524.98
A83: 5592 | B83: Pérdidas por Responsabilidades | C83: 0 | D83: 0
A84: 5593 | B84: Bonificaciones y Descuentos Otorgados | C84: 0 | D84: 0
A85: 5594 | B85: Diferencias por Tipo de Cambio Negativas en Efectivo y Equivalentes | C85: 0 | D85: 0
A86: 5595 | B86: Diferencias de Cotizaciones Negativas en Valores Negociables | C86: 0 | D86: 0
A87: 5596 | B87: Resultado por Posición Monetaria | C87: 0 | D87: 0
A88: 5597 | B88: Pérdidas por Participación Patrimonial | C88: 0 | D88: 0
A89: 5599 | B89: Otros Gastos Varios | C89: 0 | D89: 0
A90: 5600 | B90: INVERSIÓN PÚBLICA | C90: 0 | D90: 0
A91: 5610 | B91: Inversión Pública no Capitalizable | C91: 0 | D91: 0
A92: 5611 | B92: Construcción en Bienes no Capitalizable | C92: 0 | D92: 0
A93: 2110 | B93: Incremento en Cuentas por Pagar de Operación | C93: =+C96 -> -35826.06 | D93: =+D96 -> 24441.07
A94: 2111 | B94: Provisiones capítulo 1000 | C94: 0 | D94: 0
A95: 2112 | B95: Provisiones capítulo 2000 | C95: 0 | D95: 0
A96: 2112 | B96: Provisiones capítulo 3000 | C96: =+[9]ESF!E5-[9]ESF!F5 -> -35826.06 | D96: 24441.07
A97: 2115 | B97: Provisiones capítulo 4000 | C97: 0 | D97: 0
A98: 2114 | B98: Provisiones capítulo 8000 | C98: 0 | D98: 0
A99: 5120 | B99: Almacén de Materiales y Suministros de Consumo | C99: 0 | D99: 0
A100: 5120 | B100: Almacén de Materiales y Suministros de Consumo | C100: 0 | D100: 0
B101: (-) Movimientos de partidas (o rubros) que afectan al efectivo | C101: 0 | D101: 0
A102: 4300 | B102: OTROS INGRESOS Y BENEFICIOS | C102: 0 | D102: 0
A103: 4310 | B103: Ingresos Financieros | C103: 0 | D103: 0
A104: 4311 | B104: Intereses Ganados de Títulos, Valores y demás Instrumentos Financieros | C104: 0 | D104: 0
...

Sheet Conciliacion_Ig
A1: =[8]ESF!A1 -> Fideicomiso de Apoyo Operativo al Consejo de Cuenca Lerma Chapala <<FICUENCA>>
A2: Conciliación entre los Ingresos Presupuestarios y Contables
A3: =ESF!A3 -> Del 01 de enero al 30 de Septiembre de 2026
A4: (Cifras en pesos)
A5: Concepto | C5: 2026
A6: 1. Total de Ingresos Presupuestarios | C6: =+'[9]EAI (2)'!F15 -> 2229871.5
A8: 2. Más Ingresos Contables No Presupuestarios | C8: =SUM(C9:C14) -> 0
A9: 2.1 | B9: Ingresos Financieros | C9: 0
A10: 2.2 | B10: Incremento por Variación de inventarios | C10: 0
A11: 2.3 | B11: Disminución del Exceso de Estimaciones por Pérdida o Deterioro u Obsolescencia | C11: 0
A12: 2.4 | B12: Disminución del Exceso de Provisiones | C12: 0
A13: 2.5 | B13: Otros Ingresos y Beneficios Varios | C13: 0
A14: 2.6 | B14: Otros Ingresos Contables No Presupuestarios | C14: 0
A16: 3. Menos Ingresos Presupuestarios No Contables | C16: =SUM(C17:C19) -> 0
A17: 3.1 | B17: Aprovechamientos Patrimoniales | C17: 0
A18: 3.2 | B18: Ingresos Derivados de Financiamientos | C18: 0
A19: 3.3 | B19: Otros Ingresos Presupuestarios No Contables | C19: 0
A21: 4. Total de Ingresos Contables | C21: =C6+C8-C16 -> 2229871.5
A23: Bajo protesta de decir verdad declaramos que los Estados Financieros y sus notas, son razonablemente correctos y son responsabilidad del emisor.
B28: Ing. Marisol Suárez Correa
B29: Presidenta del Comité Técnico
E31: =+C21-[9]ACT!B24 -> 0
B32: Juan Lara Centeno
B33: Dirección de Control y Seguimiento de Fideicomisos

Sheet Conciliacion_Eg
A1: =[8]ESF!A1 -> Fideicomiso de Apoyo Operativo al Consejo de Cuenca Lerma Chapala <<FICUENCA>>
A2: Conciliación entre los Egresos Presupuestarios y los Gastos Contables
A3: =ESF!A3 -> Del 01 de enero al 30 de Septiembre de 2026
A4: (Cifras en pesos)
A5: Concepto | C5: 2026
A6: 1. Total de Egresos Presupuestarios | C6: =[9]COG!E76 -> 1398123.6
A8: 2. Menos Egresos Presupuestarios No Contables | C8: =SUM(C9:C29) -> 0
A9: 2.1 | B9: Materias Primas y Materiales de Producción y Comercialización | C9: 0
A10: 2.2 | B10: Materiales y Suministros | C10: 0
A11: 2.3 | B11: Mobiliario y Equipo de Administración | C11: 0
A12: 2.4 | B12: Mobiliario y Equipo Educacional y Recreativo | C12: 0
A13: 2.5 | B13: Equipo e Instrumental Médico y de Laboratorio | C13: 0
A14: 2.6 | B14: Vehículos y Equipo de Transporte | C14: 0
A15: 2.7 | B15: Equipo de Defensa y Seguridad | C15: 0
A16: 2.8 | B16: Maquinaria, Otros Equipos y Herramientas | C16: 0
A17: 2.9 | B17: Activos Biológicos | C17: 0
A18: 2.10 | B18: Bienes Inmuebles | C18: 0
A19: 2.11 | B19: Activos Intangibles | C19: 0
A20: 2.12 | B20: Obra Pública en Bienes de Dominio Público | C20: 0
A21: 2.13 | B21: Obra Pública en Bienes Propios | C21: 0
A22: 2.14 | B22: Acciones y Participaciones de Capital | C22: 0
A23: 2.15 | B23: Compra de Títulos y Valores | C23: 0
A24: 2.16 | B24: Concesión de Préstamos | C24: 0
A25: 2.17 | B25: Inversiones en Fideicomisos, Mandatos y Otros Análogos | C25: 0
A26: 2.18 | B26: Provisiones para Contingencias y Otras Erogaciones Especiales | C26: 0
A27: 2.19 | B27: Amortización de la Deuda Pública | C27: 0
A28: 2.20 | B28: Adeudos de Ejercicios Fiscales Anteriores (ADEFAS) | C28: 0
A29: 2.21 | B29: Otros Egresos Presupuestarios No Contables | C29: 0
A31: 3. Más Gastos Contables No Presupuestarios | C31: =SUM(C32:C38) -> 65694.69
A32: 3.1 | B32: Estimaciones, Depreciaciones, Deterioros, Obsolescencia y Amortizaciones | C32: =[9]ACT!B56 -> 65694.69
A33: 3.2 | B33: Provisiones | C33: 0
A34: 3.3 | B34: Disminución de Inventarios | C34: 0
A35: 3.4 | B35: Otros Gastos | C35: 0
A36: 3.5 | B36: Inversión Pública no Capitalizable | C36: 0
A37: 3.6 | B37: Materiales y Suministros (consumos) | C37: 0
A38: 3.7 | B38: Otros Gastos Contables No Presupuestarios | C38: 0
A40: 4. Total de Gastos Contables | C40: =C6-C8+C31 -> 1463818.3
A42: Bajo protesta de decir verdad declaramos que los Estados Financieros y sus notas, son razonablemente correctos y son responsabilidad del emisor.
B45: Ing. Marisol Suárez Correa
B46: Presidenta del Comité Técnico
B49: Juan Lara Centeno
B50: Dirección de Control y Seguimiento de Fideicomisos
E52: =+C40-[9]ACT!B64 -> 0

Sheet Memoria
A1: ='[8]Notas a los Edos Financieros'!A1 -> Fideicomiso de Apoyo Operativo al Consejo de Cuenca Lerma Chapala <<FICUENCA>> | G1: Ejercicio: | H1: ='[8]Notas a los Edos Financieros'!D1 -> 2026
A2: Notas de Memoria | G2: Periodicidad: | H2: ='[8]Notas a los Edos Financieros'!D2 -> Trimestral
A3: ='Notas a los Edos Financieros'!A3 -> Del 01 de enero al 30 de Septiembre de 2026 | G3: Corte: | H3: ='Notas a los Edos Financieros'!D3 -> 3
A4: (Cifras en Pesos)
A5: Notas
A8: Cuenta | B8: Concepto | C8: Saldo Inicial | D8: Cargos del Período | E8: Abonos del Período | F8: Saldo Final | G8: Valores en Custodia | H8: Tasa | I8: Vencimiento | J8: Tipo de Contrato
A9: 7000 | B9: CUENTAS DE ORDEN CONTABLES
A10: 7110 | B10: Valores en Custodia | C10: 0 | D10: 2 | E10: 2 | F10: 0
A11: 7120 | B11: Custodia de Valores | C11: 0 | D11: 0 | E11: 0 | F11: 0
A12: 7130 | B12: Instrumentos de Crédito Prestados a Formadores de Mercado | C12: 0 | D12: 0 | E12: 0 | F12: 0
A13: 7140 | B13: Préstamo de Instrumentos de Crédito a Formadores de Mercado y su Garantía | C13: 0 | D13: 0 | E13: 0 | F13: 0
A14: 7150 | B14: Instrumentos de Crédito Recibidos en Garantía de los Formadores de Mercado | C14: 0 | D14: 0 | E14: 0 | F14: 0
A15: 7160 | B15: Garantía de Créditos Recibidos de los Formadores de Mercado | C15: 0 | D15: 0 | E15: 0 | F15: 0
A16: 7210 | B16: Autorización para la Emisión de Bonos, Títulos y Valores de la Deuda Pública Interna | C16: 0 | D16: 0 | E16: 0 | F16: 0 | G16: SIN INFORMACION QUE REVELAR
A17: 7220 | B17: Autorización para la Emisión de Bonos, Títulos y Valores de la Deuda Pública Externa | C17: 0 | D17: 0 | E17: 0 | F17: 0
A18: 7230 | B18: Emisiones Autorizadas de la Deuda Pública Interna y Externa | C18: 0 | D18: 0 | E18: 0 | F18: 0
A19: 7240 | B19: Suscripción de Contratos de Préstamos y Otras Obligaciones de la Deuda Pública Interna | C19: 0 | D19: 0 | E19: 0 | F19: 0
A20: 7250 | B20: Suscripción de Contratos de Préstamos y Otras Obligaciones de la Deuda Pública Externa | C20: 0 | D20: 0 | E20: 0 | F20: 0
A21: 7260 | B21: Contratos de Préstamos y Otras Obligaciones de la Deuda Pública Interna y Externa | C21: 0 | D21: 0 | E21: 0 | F21: 0
A22: 7310 | B22: Avales Autorizados | C22: 0 | D22: 0 | E22: 0 | F22: 0
A23: 7320 | B23: Avales Firmados | C23: 0 | D23: 0 | E23: 0 | F23: 0
A24: 7330 | B24: Fianzas y Garantías Recibidas por Deudas a Cobrar | C24: 0 | D24: 0 | E24: 0 | F24: 0
A25: 7340 | B25: Fianzas y Garantías Recibidas | C25: 0 | D25: 0 | E25: 0 | F25: 0
A26: 7350 | B26: Fianzas Otorgadas para Respaldar Obligaciones no Fiscales del Gobierno | C26: 0 | D26: 0 | E26: 0 | F26: 0
A27: 7360 | B27: Fianzas Otorgadas del Gobierno para Respaldar Obligaciones no Fiscales | C27: 0 | D27: 0 | E27: 0 | F27: 0
A28: 7410 | B28: Demandas Judiciales en Proceso de Resolución | C28: 0 | D28: 0 | E28: 0 | F28: 0
... A35: 7640 | B35: Contrato de Comodato por Bienes | C35: 0 | D35: 0 | E35: 2 | F35: 2
A37: 8000 | B37: CUENTAS DE ORDEN PRESUPUESTARIO
B39: Cuentas de Orden Presupuestarias de Ingresos
B40: Concepto | C40: 2026
A41: 8110 | B41: Ley de Ingresos Estimada | C41: 0
A42: 8120 | B42: Ley de Ingresos por Ejecutar | C42: -1323980.4
A43: 8130 | B43: Modificaciones a la Ley de Ingresos Estimada | C43: 3553851.9
A44: 8140 | B44: Ley de Ingresos Devengada | C44: 2229871.5
A45: 8150 | B45: Ley de Ingresos Recaudada | C45: 2229871.5
B48: Cuentas de Orden Presupuestarias de Egresos
B49: Concepto | C49: 2026
A50: 8210 | B50: Presupuesto de Egresos Aprobado | C50: 0
A51: 8220 | B51: Presupuesto de Egresos por Ejercer | C51: 1675833.9
A52: 8230 | B52: Modificaciones al Presupuesto de Egresos Aprobado | C52: -3553851.9
A53: 8240 | B53: Presupuesto de Egresos Comprometido | C53: 1931643.1
A54: 8250 | B54: Presupuesto de Egresos Devengado | C54: 1398123.6
A55: 8260 | B55: Presupuesto de Egresos Ejercido | C55: 1374983.7
A56: 8270 | B56: Presupuesto de Egresos Pagado | C56: 1374983.7
A59: Bajo protesta de decir verdad declaramos que los Estados Financieros y sus notas, son razonablemente correctos y son responsabilidad del emisor.
B63: Ing. Marisol Suárez Correa
B64: Presidenta del Comité Técnico
B67: Juan Lara Centeno
B68: Dirección de Control y Seguimiento de Fideicomisos
